 Dungeon Crawl Stone Soup version 0.31-a0-549-gf98fd537a9 (webtiles) character file.

Game seed: 6661596161074658202

12303 AIAndy the Covert (level 11, -6/87 HPs)
             Began as a Gnoll Wanderer on Aug 16, 2023.
             Was a High Priest of Okawaru.
             Mangled by a cane toad (12 damage)
             ... on level 1 of the Lair of Beasts.
             The game lasted 00:57:11 (9356 turns).

AIAndy the Covert (Gnoll Wanderer)                  Turns: 9356, Time: 00:57:12

Health: -6/87      AC: 11    Str: 19    XL:     11   Next: 91%
Magic:  21/21      EV: 14    Int: 13    God:    Okawaru [*****.]
Gold:   815        SH: 10    Dex: 15    Spells: 21/23 levels left

rFire   . . .        W - +1 war axe
rCold   . . .        v - +0 kite shield
rNeg    . . .        y - +1 leather armour "Zomasiq" {Will+ Regen+ Int+2}
rPois   +            z - +0 helmet
rElec   .            B - scarf {repulsion}
rCorr   .            U - +0 pair of gloves
SInv    .            f - +2 pair of boots
Will    ++...        (no amulet)
Stlth   ++++         S - +6 ring of strength
HPRegen 1.14/turn    P - ring of poison resistance
MPRegen 0.17/turn

%: repel missiles
@: enlightened, flying, studying Necromancy
A: fangs 1, strong nose, distributed training
a: Renounce Religion, Heroism, Finesse, Duel


You were on level 1 of the Lair of Beasts.
You worshipped Okawaru.
Okawaru was extremely pleased with you.
You visited 2 branches of the dungeon, and saw 12 of its levels.

You collected 913 gold pieces.
You spent 98 gold pieces at shops.


Innate Abilities, Weirdness & Mutations

You have very sharp teeth.
Your uncanny sense of smell can sniff out nearby items.
Your experience applies equally to all skills.


   Skills:
 + Level 8.3 Fighting
 + Level 6.8 Short Blades
 + Level 6.8 Long Blades
 + Level 6.8 Axes
 + Level 7.4 Maces & Flails
 + Level 6.8 Polearms
 + Level 6.8 Staves
 + Level 6.8 Ranged Weapons
 + Level 6.8 Throwing
 + Level 8.3 Armour
 + Level 7.4 Dodging
 + Level 10.4 Stealth
 + Level 6.8 Shields
 + Level 6.8 Unarmed Combat
 + Level 6.8 Spellcasting
 + Level 5.7 Conjurations
 + Level 5.7 Hexes
 + Level 5.7 Summonings
 + Level 7.5 Necromancy
 + Level 5.7 Translocations
 + Level 5.7 Transmutations
 + Level 5.7 Fire Magic
 + Level 5.7 Ice Magic
 + Level 5.7 Air Magic
 + Level 5.7 Earth Magic
 + Level 5.7 Poison Magic
 + Level 7.5 Invocations
 + Level 6.8 Evocations
 + Level 5.7 Shapeshifting


You had 21 spell levels left.
You knew the following spells:

 Your Spells              Type           Power      Damage    Failure   Level
I - Blink                 Tloc           38%        N/A       5%          2

Your spell library contained the following spells:

 Spells                   Type           Power      Damage    Failure   Level
 Magic Dart               Conj           76%        1d6       3%          1
 Ensorcelled Hibernation  Hex/Ice        38%        N/A       5%          2
 Lesser Beckoning         Tloc           38%        N/A       5%          2
 Momentum Strike          Conj/Tloc      38%        3d9       5%          2
 Passwall                 Tmut/Erth      15%        N/A       5%          2
 Mephitic Cloud           Conj/Pois/Air  19%        N/A       11%         3
 Swiftness                Air            19%        N/A       11%         3
 Volatile Blastmotes      Fire/Tloc      38%        2d13      11%         3
 Conjure Ball Lightning   Conj/Air       9%         3x3d6     99%         6
 Starburst                Conj/Fire      9%         6d5       99%         6
 Discord                  Hex            9%         N/A       100%        8
 Disjunction              Tloc           9%         N/A       100%        8
 Call Imp                 Summ           Unusable   N/A       N/A         2

Inventory:

Hand Weapons
 j - a +3 short sword
 k - a +2 long sword of holy wrath
 t - a +5 hand axe
 A - a +1 falchion of distortion
 K - a +5 mace
 L - a +2 dagger of draining
 V - a +1 trident of freezing
 W - a +1 war axe (weapon)
 Y - a +1 hand axe of flaming
Missiles
 C - 9 boomerangs (quivered)
 J - 9 poisoned darts
 M - 5 darts of dispersal {=f}
 N - 7 javelins
Armour
 f - a +2 pair of boots (worn)
 v - a +0 kite shield (worn)
 y - the +1 leather armour "Zomasiq" (worn) {Will+ Regen+ Int+2}
   (You found it on level 2 of the Dungeon)

   Int+2:     It affects your intelligence (+2).
   Will+:     It increases your willpower.
   Regen+:    It increases your rate of health regeneration.
 z - a +0 helmet (worn)
 B - a scarf of repulsion (worn)
 D - the +0 ring mail of the Mertaur {Str+5 SInv Stlth-}
   (You found it on level 7 of the Dungeon)

   Str+5:     It affects your strength (+5).
   SInv:      It lets you see invisible.
   Stlth-:    It makes you less stealthy.
 O - the +0 ring mail of the Eternal Fruit {Harm Rampage rF+}
   (You found it on level 6 of the Dungeon)

   rF+:       It protects you from fire.
   Harm:      It increases damage dealt and taken.
   Rampage:   It bestows one free step when moving towards enemies.
 Q - a +0 robe of resistance
 R - +0 steam dragon scales
 U - a +0 pair of gloves (worn)
 X - a +0 troll leather armour
Magical Staves
 e - a staff of death
Jewellery
 P - a ring of poison resistance (right hand)
 S - a +6 ring of strength (left hand)
Wands
 c - a wand of paralysis (2)
Scrolls
 b - 4 scrolls of blinking
 g - 8 scrolls of teleportation {@r4}
 h - a scroll of fog
 l - 2 scrolls of revelation
 m - a scroll of enchant armour
 n - a scroll of immolation {!r}
 p - a scroll of vulnerability {!r}
 E - 4 scrolls of fear
 I - a scroll of enchant weapon
Potions
 a - a potion of haste {unknown}
 d - 2 potions of lignification {!q}
 i - 3 potions of cancellation
 o - 3 potions of attraction {!q}
 q - a potion of enlightenment
 r - a potion of curing {unknown}
 s - a potion of brilliance {unknown}
 u - 2 potions of might
 w - a potion of berserk rage {unknown}
 x - 3 potions of mutation {!q}
 G - 2 potions of ambrosia
 H - a potion of resistance {unknown}

Dungeon Overview and Level Annotations

Branches:
Dungeon (11/15)            Temple (0/1) D:5            Lair (1/5) D:9
    Orc (0/2) D:9

Altars:
Cheibriados
Elyvilon
Gozag
Hepliaklqana
Nemelex Xobeh
Okawaru
Qazlal
Uskayaw
Yredelemnul
Zin

Shops:
D:2 *

Annotations:
D:9 2 transporters
D:11 Lodul

.... .. ∆ ....#.... ....#.8.8.
#..#....!..#. #+# +......>...#.
##.###..#.........
#....#...#.8.8..#.
##......##.................
........##@F..P.....^...... .
#......####..##†.#.....# ..
#......#####'##.......#..#
..######..............##.......#
................F......#.......#
.........................##.##...
.................................
............................... .
........P....▒▒▒▒.▒.▒▒▒..........


You could see a cane toad.


Message History

You feel very sick. The black mamba closely misses you.
The black mamba bites you.
* * * LOW HITPOINT WARNING * * *
The cane toad closely misses you.
Okay, then.
Okay, then.
Blink to where?
Press: ? - help, Dir - move target
As you read the scroll of blinking, it crumbles to dust.
* * * LOW HITPOINT WARNING * * *
You feel sick.
* * * LOW HITPOINT WARNING * * *
You feel sick.
* * * LOW HITPOINT WARNING * * *
You feel sick.
You feel sick.
You feel sick.
As you read the scroll of teleportation {@r4}, it crumbles to dust.
You feel strangely unstable.
You feel sick.
You feel sick.
You feel sick.
Your surroundings suddenly seem different.
You feel sick.
You are no longer poisoned.
You start resting.
A cane toad is nearby!
You slash the cane toad!
The cane toad is severely wounded.
The cane toad stings you!
You die...

Skill      XL: |  1  2  3  4  5  6  7  8  9 10 11 |
---------------+----------------------------------+-----
Invocations    | 1 2 3 4 5 6 7 |  7.5
Short Blades   | 1 2 3 4 5 6 |  6.8
Long Blades    | 1 2 3 4 5 6 |  6.8
Axes           | 1 2 3 4 5 6 |  6.8
Polearms       | 1 2 3 4 5 6 |  6.8
Staves         | 1 2 3 4 5 6 |  6.8
Ranged Weapons | 1 2 3 4 5 6 |  6.8
Throwing       | 1 2 3 4 5 6 |  6.8
Shields        | 1 2 3 4 5 6 |  6.8
Unarmed Combat | 1 2 3 4 5 6 |  6.8
Spellcasting   | 1 2 3 4 5 6 |  6.8
Evocations     | 1 2 3 4 5 6 |  6.8
Conjurations   | 1 2 3 4 5 |  5.7
Hexes          | 1 2 3 4 5 |  5.7
Summonings     | 1 2 3 4 5 |  5.7
Necromancy     | 1 2 3 4 6 7 |  7.5
Translocations | 1 2 3 4 5 |  5.7
Transmutations | 1 2 3 4 5 |  5.7
Fire Magic     | 1 2 3 4 5 |  5.7
Ice Magic      | 1 2 3 4 5 |  5.7
Air Magic      | 1 2 3 4 5 |  5.7
Earth Magic    | 1 2 3 4 5 |  5.7
Poison Magic   | 1 2 3 4 5 |  5.7
Shapeshifting  | 1 2 3 4 5 |  5.7
Maces & Flails | 3 4 5 6 7 |  7.4
Dodging        | 3 4 5 6 7 |  7.4
Stealth        | 8 9 10 | 10.4
Fighting       | 5 6 7 8 |  8.3
Armour         | 5 6 7 8 |  8.3

Action                     |  1- 3 |  4- 6 |  7- 9 | 10-12 || total
---------------------------+-------+-------+-------+-------++-------
  Melee: Dagger            |   100 |   201 |   404 |       ||   705
         Bite              |     8 |    10 |    63 |    63 ||   144
         Hand axe          |       |       |    90 |   448 ||   538
         War axe           |       |       |       |    18 ||    18
         Mace              |       |       |       |    12 ||    12
  Throw: Boomerang         |       |     3 |     1 |     9 ||    13
         Dart              |       |       |     2 |       ||     2
 Invoke: Heroism           |       |     1 |     7 |    11 ||    19
         Finesse           |       |       |       |     2 ||     2
  Evoke: Wand              |       |       |    17 |    15 ||    32
    Use: Scroll            |       |       |     5 |    14 ||    19
         Potion            |       |       |       |     7 ||     7
   Stab: Sleeping          |    13 |     9 |    16 |     7 ||    45
         Paralysed         |       |       |     6 |    10 ||    16
 Armour: Robe              |    20 |       |       |       ||    20
         Leather armour    |    15 |    85 |   167 |   187 ||   454
         Ring mail         |     3 |       |       |       ||     3
  Dodge: Dodged            |    44 |    74 |   251 |   433 ||   802
         Repelled          |       |       |     7 |       ||     7
  Block: Kite shield       |    11 |    80 |   266 |   425 ||   782

Levels and vault maps discovered:
D:1:      lightli_arrival_boilingwater, layout_loops_ring,
          shapermc_ecumenical_altar_ellora, st_stairs_12,
          chequers_serial_rivers_micro_e
D:2:      layout_loops_ring, serial_shops, nicolae_shop_tiny_glass
D:3:      minmay_roachtagon, layout_loops_ring,
          mainiacjoe_overflow_catch_the_wave, uniq_robin
D:4:      layout_loops_corners, nicolae_gozag_seed_capital,
          mainiacjoe_overflow_alcove_1, jmf_multi_god_temple,
          kennysheep_small_spiral
D:5:      layout_basic, nemelex_spade_bored_becter, zin_angel,
          minmay_temple_entry_trees, nicolae_sextant, minmay_holes,
          nicolae_goblin_pals
D:6:      layout_rooms, minivault_14, minmay_manual_maat
D:7:      layout_gridville
D:8:      layout_loops_ring, grunt_ministairs_15, minmay_bent
D:9:      gammafunk_boulding_lane, layout_stronghold, old_standard_altar,
          lair_entry_dummy, hiddenorc1_lemuel
D:10:     layout_basic
D:11:     layout_basic, uniq_lodul, uniq_grum
Lair:1:   statuecave_lemuel, layout_regular_city, grunt_megastairs_2,
          serial_bayou_shore_a

Notes
Turn   | Place    | Note
-------+----------+-------------------------------------------
     0 | D:1      | AIAndy the Gnoll Wanderer began the quest for the Orb.
     0 | D:1      | AIAndy set off with the following items: a +3 dagger, a
                  | scroll of blinking, a +0 mace, a potion of lignification
                  | {!q}, a +0 robe.
     0 | D:1      | Reached XP level 1. HP: 20/20 MP: 1/1
    89 | D:1      | Reached XP level 2. HP: 26/26 MP: 2/2
   104 | D:1      | Found a faded altar of an unknown god.
   179 | D:1      | Prayed at the altar of an unknown god.
   179 | D:1      | Became a worshipper of Warmaster Okawaru
   179 | D:1      | Reached * piety under Okawaru
   540 | D:1      | Reached XP level 3. HP: 31/31 MP: 3/3
   932 | D:2      | Reached skill level 1 in Invocations
  1039 | D:2      | Got the Guide on the Charred Compass
  1130 | D:2      | Found Locrysi's General Store.
  1153 | D:2      | Bought a potion of might for 56 gold pieces
  1153 | D:2      | Bought a scroll of teleportation for 42 gold pieces
  1202 | D:2      | Reached skill level 1 in Short Blades
  1202 | D:2      | Reached skill level 1 in Long Blades
  1202 | D:2      | Reached skill level 1 in Axes
  1202 | D:2      | Reached skill level 1 in Polearms
  1202 | D:2      | Reached skill level 1 in Staves
  1202 | D:2      | Reached skill level 1 in Ranged Weapons
  1202 | D:2      | Reached skill level 1 in Throwing
  1202 | D:2      | Reached skill level 1 in Shields
  1202 | D:2      | Reached skill level 1 in Unarmed Combat
  1202 | D:2      | Reached skill level 1 in Spellcasting
  1202 | D:2      | Reached skill level 1 in Evocations
  1329 | D:2      | Identified the +1 leather armour "Zomasiq" {Will+ Regen+
                  | Int+2}
  1460 | D:3      | Reached XP level 4. HP: 38/38 MP: 5/5
  1506 | D:3      | Found a white marble altar of Elyvilon.
  1551 | D:3      | Found a stormy altar of Qazlal.
  1629 | D:3      | Reached skill level 1 in Conjurations
  1629 | D:3      | Reached skill level 1 in Hexes
  1629 | D:3      | Reached skill level 1 in Summonings
  1629 | D:3      | Reached skill level 1 in Necromancy
  1629 | D:3      | Reached skill level 1 in Translocations
  1629 | D:3      | Reached skill level 1 in Transmutations
  1629 | D:3      | Reached skill level 1 in Fire Magic
  1629 | D:3      | Reached skill level 1 in Ice Magic
  1629 | D:3      | Reached skill level 1 in Air Magic
  1629 | D:3      | Reached skill level 1 in Earth Magic
  1629 | D:3      | Reached skill level 1 in Poison Magic
  1629 | D:3      | Reached skill level 1 in Shapeshifting
  1638 | D:3      | Reached XP level 5. HP: 42/43 MP: 5/7
  1713 | D:3      | Noticed Robin
  1728 | D:3      | Killed Robin
  1729 | D:3      | Reached skill level 3 in Maces & Flails
  1729 | D:3      | Reached skill level 3 in Dodging
  1877 | D:3      | Reached ** piety under Okawaru
  1916 | D:3      | Reached skill level 8 in Stealth
  2076 | D:3      | Reached skill level 2 in Invocations
  2076 | D:3      | Reached XP level 6. HP: 46/50 MP: 8/8
  2119 | D:3      | Learned a level 2 spell: Blink
  2331 | D:4      | You fall into a shaft and drop 3 floors!
  2366 | D:6      | Noticed a black bear
  2379 | D:6      | Killed a black bear
  2380 | D:6      | Reached skill level 5 in Fighting
  2380 | D:6      | Reached skill level 2 in Short Blades
  2380 | D:6      | Reached skill level 2 in Long Blades
  2380 | D:6      | Reached skill level 2 in Axes
  2380 | D:6      | Reached skill level 2 in Polearms
  2380 | D:6      | Reached skill level 2 in Staves
  2380 | D:6      | Reached skill level 2 in Ranged Weapons
  2380 | D:6      | Reached skill level 2 in Throwing
  2380 | D:6      | Reached skill level 5 in Armour
  2380 | D:6      | Reached skill level 2 in Shields
  2380 | D:6      | Reached skill level 2 in Unarmed Combat
  2380 | D:6      | Reached skill level 2 in Spellcasting
  2380 | D:6      | Reached skill level 2 in Evocations
  2462 | D:6      | Reached XP level 7. HP: 56/56 MP: 10/10
  2534 | D:5      | Entered Level 5 of the Dungeon
  2695 | D:4      | Found an opulent altar of Gozag.
  2913 | D:4      | Found a basalt altar of Yredelemnul.
  2941 | D:4      | Reached skill level 2 in Conjurations
  2941 | D:4      | Reached skill level 2 in Hexes
  2941 | D:4      | Reached skill level 2 in Summonings
  2941 | D:4      | Reached skill level 2 in Necromancy
  2941 | D:4      | Reached skill level 2 in Translocations
  2941 | D:4      | Reached skill level 2 in Transmutations
  2941 | D:4      | Reached skill level 2 in Fire Magic
  2941 | D:4      | Reached skill level 2 in Ice Magic
  2941 | D:4      | Reached skill level 2 in Air Magic
  2941 | D:4      | Reached skill level 2 in Earth Magic
  2941 | D:4      | Reached skill level 2 in Poison Magic
  2941 | D:4      | Reached skill level 2 in Shapeshifting
  2957 | D:4      | Found a hide-covered altar of Uskayaw.
  2966 | D:4      | Reached *** piety under Okawaru
  2971 | D:4      | Found a hazy altar of Hepliaklqana.
  3612 | D:5      | Noticed Ijyb
  3724 | D:5      | Noticed a shadow
  3726 | D:5      | Killed a shadow
  3727 | D:5      | Reached skill level 3 in Invocations
  3742 | D:5      | Reached XP level 8. HP: 63/63 MP: 12/12
  3823 | D:5      | Reached skill level 4 in Maces & Flails
  3823 | D:5      | Reached skill level 4 in Dodging
  3995 | D:5      | Found a staircase to the Ecumenical Temple.
  4006 | D:5      | Reached skill level 3 in Short Blades
  4006 | D:5      | Reached skill level 3 in Long Blades
  4006 | D:5      | Reached skill level 3 in Axes
  4006 | D:5      | Reached skill level 3 in Polearms
  4006 | D:5      | Reached skill level 3 in Staves
  4006 | D:5      | Reached skill level 3 in Ranged Weapons
  4006 | D:5      | Reached skill level 3 in Throwing
  4006 | D:5      | Reached skill level 3 in Shields
  4006 | D:5      | Reached skill level 3 in Unarmed Combat
  4006 | D:5      | Reached skill level 3 in Spellcasting
  4006 | D:5      | Reached skill level 3 in Evocations
  4153 | D:5      | Killed Ijyb
  4261 | D:5      | Found a glowing silver altar of Zin.
  4262 | D:5      | Noticed an angel
  4613 | D:5      | Found a sparkling altar of Nemelex Xobeh.
  4720 | D:6      | Identified the +0 ring mail of the Eternal Fruit {Harm
                  | Rampage rF+}
  4750 | D:6      | Reached **** piety under Okawaru
  4924 | D:6      | Identified a +0 robe of resistance
  5083 | D:6      | Reached skill level 3 in Conjurations
  5083 | D:6      | Reached skill level 3 in Hexes
  5083 | D:6      | Reached skill level 3 in Summonings
  5083 | D:6      | Reached skill level 3 in Necromancy
  5083 | D:6      | Reached skill level 3 in Translocations
  5083 | D:6      | Reached skill level 3 in Transmutations
  5083 | D:6      | Reached skill level 3 in Fire Magic
  5083 | D:6      | Reached skill level 3 in Ice Magic
  5083 | D:6      | Reached skill level 3 in Air Magic
  5083 | D:6      | Reached skill level 3 in Earth Magic
  5083 | D:6      | Reached skill level 3 in Poison Magic
  5083 | D:6      | Reached skill level 4 in Invocations
  5083 | D:6      | Reached skill level 3 in Shapeshifting
  5116 | D:6      | Reached skill level 6 in Fighting
  5116 | D:6      | Reached skill level 6 in Armour
  5190 | D:6      | Reached XP level 9. HP: 23/69 MP: 14/14
  5260 | D:7      | Reached skill level 4 in Short Blades
  5260 | D:7      | Reached skill level 4 in Long Blades
  5260 | D:7      | Reached skill level 4 in Axes
  5260 | D:7      | Reached skill level 4 in Polearms
  5260 | D:7      | Reached skill level 4 in Staves
  5260 | D:7      | Reached skill level 4 in Ranged Weapons
  5260 | D:7      | Reached skill level 4 in Throwing
  5260 | D:7      | Reached skill level 4 in Shields
  5260 | D:7      | Reached skill level 4 in Unarmed Combat
  5260 | D:7      | Reached skill level 4 in Spellcasting
  5260 | D:7      | Reached skill level 4 in Evocations
  5517 | D:7      | Reached skill level 5 in Maces & Flails
  5517 | D:7      | Reached skill level 5 in Dodging
  5549 | D:6      | Reached skill level 9 in Stealth
  5577 | D:7      | Identified the +0 ring mail of the Mertaur {Str+5 SInv
                  | Stlth-}
  5796 | D:8      | Reached skill level 4 in Necromancy
  5957 | D:8      | Reached skill level 5 in Invocations
  6010 | D:8      | Noticed a hornet
  6069 | D:8      | Killed a hornet
  6081 | D:8      | Reached skill level 4 in Conjurations
  6081 | D:8      | Reached skill level 4 in Hexes
  6081 | D:8      | Reached skill level 4 in Summonings
  6081 | D:8      | Reached skill level 4 in Translocations
  6081 | D:8      | Reached skill level 4 in Transmutations
  6081 | D:8      | Reached skill level 4 in Fire Magic
  6081 | D:8      | Reached skill level 4 in Ice Magic
  6081 | D:8      | Reached skill level 4 in Air Magic
  6081 | D:8      | Reached skill level 4 in Earth Magic
  6081 | D:8      | Reached skill level 4 in Poison Magic
  6081 | D:8      | Reached skill level 4 in Shapeshifting
  6081 | D:8      | Noticed a hornet
  6091 | D:8      | Killed a hornet
  6092 | D:8      | Reached XP level 10. HP: 61/77 MP: 15/17
  6199 | D:8      | Reached skill level 5 in Short Blades
  6199 | D:8      | Reached skill level 5 in Long Blades
  6199 | D:8      | Reached skill level 5 in Axes
  6199 | D:8      | Reached skill level 5 in Polearms
  6199 | D:8      | Reached skill level 5 in Staves
  6199 | D:8      | Reached skill level 5 in Ranged Weapons
  6199 | D:8      | Reached skill level 5 in Throwing
  6199 | D:8      | Reached skill level 5 in Shields
  6199 | D:8      | Reached skill level 5 in Unarmed Combat
  6199 | D:8      | Reached skill level 5 in Spellcasting
  6199 | D:8      | Reached skill level 5 in Evocations
  6231 | D:8      | Reached skill level 5 in Necromancy
  6568 | D:9      | Reached skill level 7 in Fighting
  6568 | D:9      | Reached skill level 7 in Armour
  6725 | D:9      | Reached skill level 6 in Maces & Flails
  6725 | D:9      | Reached skill level 6 in Dodging
  6740 | D:9      | Found a snail-covered altar of Cheibriados.
  6828 | D:9      | Found a transporter.
  6828 | D:9      | Found a transporter.
  6828 | D:9      | Noticed a boulder beetle
  6884 | D:9      | Reached skill level 6 in Invocations
  7043 | D:9      | Received a gift from Okawaru
  7196 | D:9      | Reached skill level 6 in Necromancy
  7541 | D:9      | Found a staircase to the Lair.
  7555 | D:9      | Reached XP level 11. HP: 68/84 MP: 19/19
  7654 | D:9      | Found a staircase to the Orcish Mines.
  7845 | D:10     | Entered Level 10 of the Dungeon
  7863 | D:10     | Reached skill level 6 in Short Blades
  7863 | D:10     | Reached skill level 6 in Long Blades
  7863 | D:10     | Reached skill level 6 in Axes
  7863 | D:10     | Reached skill level 6 in Polearms
  7863 | D:10     | Reached skill level 6 in Staves
  7863 | D:10     | Reached skill level 6 in Ranged Weapons
  7863 | D:10     | Reached skill level 6 in Throwing
  7863 | D:10     | Reached skill level 6 in Shields
  7863 | D:10     | Reached skill level 6 in Unarmed Combat
  7863 | D:10     | Reached skill level 6 in Spellcasting
  7863 | D:10     | Reached skill level 6 in Evocations
  7869 | D:10     | Reached skill level 5 in Conjurations
  7869 | D:10     | Reached skill level 5 in Hexes
  7869 | D:10     | Reached skill level 5 in Summonings
  7869 | D:10     | Reached skill level 5 in Translocations
  7869 | D:10     | Reached skill level 5 in Transmutations
  7869 | D:10     | Reached skill level 5 in Fire Magic
  7869 | D:10     | Reached skill level 5 in Ice Magic
  7869 | D:10     | Reached skill level 5 in Air Magic
  7869 | D:10     | Reached skill level 5 in Earth Magic
  7869 | D:10     | Reached skill level 5 in Poison Magic
  7869 | D:10     | Reached skill level 5 in Shapeshifting
  7875 | D:9      | HP: 6/85 [vampire mosquito (5)]
  7883 | D:9      | Reached skill level 10 in Stealth
  7940 | D:9      | Received a gift from Okawaru
  8139 | D:10     | Noticed a two-headed ogre
  8149 | D:10     | Killed a two-headed ogre
  8187 | D:10     | Reached skill level 7 in Invocations
  8203 | D:10     | Reached skill level 8 in Fighting
  8203 | D:10     | Reached skill level 7 in Maces & Flails
  8203 | D:10     | Reached skill level 8 in Armour
  8203 | D:10     | Reached skill level 7 in Dodging
  8221 | D:10     | Reached ***** piety under Okawaru
  8222 | D:10     | Reached skill level 7 in Necromancy
  8748 | D:11     | Noticed a manticore
  8816 | D:11     | Noticed a cyclops
  8829 | D:11     | Killed a cyclops
  8846 | D:11     | Noticed Grum
  8859 | D:11     | Killed Grum
  8926 | D:11     | Noticed Lodul
  9011 | Lair:1   | Entered Level 1 of the Lair of Beasts
  9191 | Lair:1   | Noticed a five-headed hydra
  9208 | Lair:1   | Killed a six-headed hydra
  9208 | Lair:1   | Received a gift from Okawaru
  9344 | Lair:1   | HP: 4/87 [black mamba (5)]
  9347 | Lair:1   | HP: 1/87 [poisoned by a black mamba]
  9352 | Lair:1   | HP: 2/87 [poisoned by a black mamba]
  9356 | Lair:1   | Mangled by a cane toad

Vanquished Creatures
  A hydra (Lair:1)
  A two-headed ogre (D:10)
  A cyclops (D:11)
  A cane toad (Lair:1)
  A troll (D:9)
  4 hornets
  2 shadows
  2 wraiths (D:9)
  18 yaks
  4 vampire mosquitoes
  A basilisk (Lair:1)
  A steam dragon (D:6)
  Grum (D:11)
  An acid dragon (D:10)
  2 water moccasins (Lair:1)
  3 black bears
  A sky beast (D:8)
  3 orc warriors
  2 ice beasts
  4 wolves (D:11)
  3 centaurs
  3 phantoms
  8 bullfrogs
  A kobold brigand (D:8)
  4 scorpions
  13 wights
  24 killer bees
  4 howler monkeys
  A hound (D:6)
  A jelly (D:6)
  4 orc priests
  An iguana (D:6)
  10 orc wizards
  Ijyb (D:5)
  Robin (D:3)
  3 gnolls (D:7)
  6 adders
  4 white imps
  2 ufetubi (D:6)
  3 worms
  4 dart slugs
  41 orcs
  6 bats
  8 endoplasms
  12 giant cockroaches
  10 hobgoblins
  A quokka (D:2)
  8 ball pythons
  6 frilled lizards
  16 goblins
  12 kobolds
  3 rats
278 creatures vanquished.

Table legend: (Time is in decaauts)
 A = Elapsed time spent in this place.
 B = Non-inter-level travel time spent in this place.
 C = Inter-level travel time spent in this place.
 D = Time resting spent in this place.
 E = Time spent auto-exploring this place.
 F = Levels seen in this place.
 G = Mean time per level.
                   A        B        C        D        E       F      G
               +--------+--------+--------+--------+--------+-----+--------+
         Total |   9431 |   8874 |    557 |     79 |   5668 |  12 |  785.9 |
       Dungeon |   9079 |   8523 |    556 |     77 |   5468 |  11 |  825.4 |
          Lair |    352 |    352 |      0 |      2 |    200 |   1 |  352.0 |
               +--------+--------+--------+--------+--------+-----+--------+

Top non-repeatable levels by time:
     D:9: 1477 daAuts
     D:4: 1142 daAuts
     D:5: 1021 daAuts
     D:3: 934 daAuts
    D:10: 881 daAuts
     D:6: 821 daAuts
     D:8: 815 daAuts
     D:1: 739 daAuts
     D:2: 686 daAuts
     D:7: 425 daAuts
  Lair:1: 352 daAuts
    D:11: 134 daAuts

Table legend:
 A = Non-vault XP
 B = Vault XP
 C = Vault XP percentage of total XP
 D = Non-vault monster count
 E = Vault monster count
 F = Vault count percentage of total count
                 A         B        C        D         E       F
            +---------+---------+-------+---------+---------+-------
      Total |   15383 |    2194 |  12.5 |     213 |      65 |  23.4
            +---------+---------+-------+---------+---------+-------
        D:1 |      33 |       2 |   5.7 |      19 |       1 |   5.0
        D:2 |      33 |       0 |   0.0 |      16 |       0 |   0.0
        D:3 |     224 |      53 |  19.1 |      28 |      21 |  42.9
        D:4 |      95 |      89 |  48.4 |      17 |       2 |  10.5
        D:5 |     677 |      43 |   6.0 |      12 |       6 |  33.3
        D:6 |    1293 |     119 |   8.4 |      19 |       2 |   9.5
        D:7 |     597 |       0 |   0.0 |       9 |       0 |   0.0
        D:8 |     769 |     974 |  55.9 |      16 |      10 |  38.5
        D:9 |    5835 |     173 |   2.9 |      46 |      17 |  27.0
       D:10 |    3110 |       0 |   0.0 |      19 |       0 |   0.0
       D:11 |     651 |     651 |  50.0 |       4 |       5 |  55.6
     Lair:1 |    2066 |      90 |   4.2 |       8 |       1 |  11.1
            +---------+---------+-------+---------+---------+-------
